 Dungeon Crawl Stone Soup version 0.26-a0-835-g8259106e14 (webtiles) character file.

Game seed: 6754488427954365960

31 Forecaster the Firebug (level 3, 0/28 HPs)
             Began as a Naga Fire Elementalist on Nov 17, 2020.
             Killed from afar by Sigmund (8 damage)
             ... with a magic dart
             ... on level 2 of the Dungeon.
             The game lasted 00:03:20 (1119 turns).

Forecaster the Firebug (Naga Fire Elementalist)     Turns: 1119, Time: 00:03:21

Health: 0/28       AC:  2    Str: 10    XL:     3   Next: 22%
Magic:  1/6        EV: 10    Int: 16    God:
Gold:   38         SH:  0    Dex: 17    Spells: 2/6 levels left

rFire    . . .     SeeInvis +   e - +0 short sword
rCold    . . .     Faith    .   (no shield)
rNeg     . . .     Spirit   .   a - +0 robe
rPois    +         Reflect  .   (no helmet)
rElec    .         Harm     .   (no cloak)
rCorr    .         Rampage  .   (no gloves)
MR       .....                  (no barding)
Stlth    ++........             (no amulet)
HPRegen  0.09/turn              f - +6 ring of dexterity
MPRegen  0.10/turn              (no ring)

@: very slow
A: large, see invisible, deformed body, poison resistance, slowness 2, spit
poison 1, AC +1
a: Spit Poison


You were on level 2 of the Dungeon.
You visited 1 branch of the dungeon, and saw 2 of its levels.

You collected 38 gold pieces.

Inventory:

Hand Weapons
 b - a +0 club
 e - a +0 short sword (weapon)
Armour
 a - a +0 robe (worn)
Jewellery
 f - a +6 ring of dexterity (left hand)
Scrolls
 c - 3 scrolls of identify {unknown}
 d - 2 scrolls of fog {unknown}
Potions
 g - a potion of degeneration {unknown}
 h - a potion of haste {unknown}
 i - a potion of lignification {unknown}


   Skills:
 + Level 0.3 Fighting
 + Level 0.1 Short Blades
 + Level 1.9 Dodging
 + Level 3.1 Stealth
 + Level 2.2 Spellcasting
 + Level 1.0 Conjurations
 + Level 3.7 Fire Magic


You had 2 spell levels left.
You knew the following spells:

 Your Spells              Type           Power        Failure   Level
a - Foxfire               Conj/Fire      #...         8%          1
b - Conjure Flame         Conj/Fire      #.......     22%         3

Your spell library contained the following spells:

 Spells                   Type           Power        Failure   Level
 Inner Flame              Hex/Fire       #.......     28%         3
 Sticky Flame             Conj/Fire      #.......     58%         4
 Fireball                 Conj/Fire      #.........   91%         5


Dungeon Overview and Level Annotations

Branches:
Dungeon (2/15)

Altars:

Annotations:
D:2 Sigmund


Innate Abilities, Weirdness & Mutations

You cannot wear boots.
Your serpentine skin is tough. (AC +1)
You have supernaturally acute eyesight. (SInv)
Armour fits poorly on your strangely shaped body.
Your system is resistant to poisons. (rPois)
You cover ground very slowly.
You can spit poison.


Message History

You miscast Foxfire.
You are very lightly contaminated with residual magic.
Nothing appears to happen.
Sigmund points at you and mumbles some strange words.
The magic dart hits you!
Casting: Foxfire (safe; 8% risk of failure)
Confirm with . or Enter, or press ? or * to list all spells.
You conjure some foxfire!
The foxfire hits Sigmund.
Sigmund resists.
Sigmund is lightly wounded.
The foxfire hits Sigmund.
Sigmund resists.
Sigmund is lightly wounded.
Sigmund hits you from afar with a +0 scythe.
A kobold comes into view.
Sigmund hits you from afar with a +0 scythe!
* * * LOW HITPOINT WARNING * * *
Your magical contamination has completely faded away.
Sigmund casts a spell at you. The magic dart hits you!
You die...

#........# #
#........##.
#...........
##........##
#..........### ##
#............. ...
#####..###.###### ..
####......# #..# ##.#
##.........#
##@###...#
##.....)<...# #..@..#
#...........# #.#..##
#...........# ...##.#
#...........##.####...
##..........#.. ###.#
##...#...#.#. .#
#########... . ### ..


You could see Sigmund.

Vanquished Creatures
  4 leopard geckos (D:1)
  3 bats (D:1)
  A giant cockroach (D:2)
  3 goblins (D:1)
  3 hobgoblins (D:1)
  3 kobolds
  A ball python (D:1)
  A frilled lizard (D:1)
  7 rats (D:1)
26 creatures vanquished.

Vanquished Creatures (others)
  55 foxfires
55 creatures vanquished.

Grand Total: 81 creatures vanquished

Notes
Turn   | Place    | Note
-------+----------+-------------------------------------------
     0 | D:1      | Forecaster the Naga Fire Elementalist began the quest for
                  | the Orb.
     0 | D:1      | Reached XP level 1. HP: 15/15 MP: 3/3
   363 | D:1      | Reached XP level 2. HP: 22/22 MP: 1/5
   748 | D:1      | Reached XP level 3. HP: 28/28 MP: 4/6
  1086 | D:2      | Learned a level 3 spell: Conjure Flame
  1101 | D:2      | Noticed Sigmund
  1119 | D:2      | Killed from afar by Sigmund

Illustrated notes

Levels and vault maps discovered:
D:1:      dpeg_arrival_ratfight, layout_rooms, minmay_box_of_dots
D:2:      layout_rooms, uniq_sigmund

Action                   || total
-------------------------++-------
Melee: Unarmed           ||     6
       Club              ||     4
       Short sword       ||    12
 Cast: Foxfire           ||    30
       Conjure Flame     ||     1
Armor: Robe              ||     5
Dodge: Dodged            ||    22

Table legend: (Time is in decaauts)
 A = Elapsed time spent in this place.
 B = Non-inter-level travel time spent in this place.
 C = Inter-level travel time spent in this place.
 D = Time resting spent in this place.
 E = Time spent auto-exploring this place.
 F = Levels seen in this place.
 G = Mean time per level.
                   A        B        C        D        E       F      G
               +--------+--------+--------+--------+--------+-----+--------+
         Total |   1258 |   1250 |      8 |      0 |   1023 |   2 |  629.0 |
       Dungeon |   1258 |   1250 |      8 |      0 |   1023 |   2 |  629.0 |
               +--------+--------+--------+--------+--------+-----+--------+

Top non-repeatable levels by time:
     D:1: 1174 daAuts
     D:2: 84 daAuts
